 Dungeon Crawl Stone Soup version 0.31-a0-177-g4aa6249778 (webtiles) character file.

Game seed: 2372132271153132952

230 qw the Shooter (level 6, 0/56 HPs)
             Began as a Naga Hunter on June 18, 2023.
             Slain by an iguana (4 damage)
             ... on level 5 of the Dungeon.
             The game lasted 00:00:47 (2096 turns).

qw the Shooter (Naga Hunter)                        Turns: 2096, Time: 00:00:47

Health: 0/56       AC:  4    Str: 13    XL:     6   Next: 3%
Magic:  6/6        EV:  9    Int: 10    God:
Gold:   232        SH:  0    Dex: 16    Spells: 5/5 levels left

rFire   . . .        Y - +0 shortbow
rCold   . . .        (shield currently unavailable)
rNeg    . . .        c - +0 leather armour
rPois   +            h - +0 helmet
rElec   .            (no cloak)
rCorr   .            (no gloves)
SInv    +            (no barding)
Will    .....        (no amulet)
Stlth   ++           (no ring)
HPRegen 0.29/turn    (no ring)
MPRegen 0.10/turn

%: no passive effects
@: short of breath, very slow
A: AC +2, large, see invisible, deformed body, poison resistance, slowness 2,
spit poison 1, naga tail 1
a: Spit Poison


You were on level 5 of the Dungeon.
You visited 1 branch of the dungeon, and saw 4 of its levels.

You collected 232 gold pieces.


Innate Abilities, Weirdness & Mutations

Your serpentine skin is tough. (AC +2)
You have supernaturally acute eyesight. (SInv)
Armour fits poorly on your strangely shaped body.
Your system is resistant to poisons. (rPois)
You cover ground very slowly.
You can spit poison.
You have a snake-like lower body.


   Skills:
 + Level 3.2 Fighting
 - Level 6.0 Ranged Weapons
 - Level 1.5 Dodging
 - Level 1.5 Stealth


You had 5 spell levels left.
You didn't know any spells.
Your spell library was empty.

Inventory:

Hand Weapons
 Y - a +0 shortbow (weapon)
Armour
 c - a +0 leather armour (worn)
 h - a +0 helmet (worn)
Scrolls
 b - a scroll of identify
 d - a scroll of silence {unknown}
Potions
 a - 2 potions of curing
 f - 2 potions of enlightenment
 g - 2 potions of magic {unknown}

Dungeon Overview and Level Annotations

Branches:
Dungeon (5/15)
 Temple: D:4-7

Altars:
Wu Jian


Message History

You shoot an arrow. The arrow hits the ice beast.
The ice beast is moderately wounded.
The ice beast hits you. The ice beast freezes you!
You shoot an arrow. The arrow hits the ice beast.
The ice beast is moderately wounded.
The ice beast hits you but does no damage.
You shoot an arrow.
The arrow hits the ice beast but does no damage.
The ice beast is moderately wounded.
The ice beast hits you. The ice beast freezes you!
You shoot an arrow. The arrow hits the ice beast.
The ice beast is heavily wounded.
The ice beast hits you. The ice beast freezes you!
You shoot an arrow. The arrow hits the ice beast.
The ice beast is severely wounded.
The ice beast hits you but does no damage.
The ice beast closely misses you.
You shoot an arrow. The arrow barely misses the ice beast.
The ice beast hits you. The ice beast freezes you!
2091 ||| READING scroll of teleportation.
As you read the scroll of teleportation, it crumbles to dust.
You feel strangely unstable. The ice beast barely misses you.
You shoot an arrow. The arrow hits the ice beast.
The ice beast is severely wounded.
The ice beast hits you. The ice beast freezes you!
You shoot an arrow. The arrow barely misses the ice beast.
The ice beast closely misses you.
You shoot an arrow. The arrow closely misses the ice beast.
Your surroundings suddenly seem different.
An iguana comes into view.
2095 ||| INVOKING Spit Poison.
Aiming: Spit Poison (1% risk of failure)
Press: ? - help, Shift-Dir - straight line, f - iguana The splash of poison hits the iguana.
The iguana is poisoned.
The iguana is lightly wounded.
You shoot an arrow. The arrow hits the iguana!
The iguana is severely wounded.
The iguana bites you.
You die...

..##.######
...#.# .....#
...#.# .....#
.....# .....#
...#.#
###.....#
..##.#
#.......#
......
#######.......#
..###+#
........l.....+
..# #.@...# ..#
#.#.### ..+ #..
.# ..# #.# .#
.. .. #.. .# ..
.# .#. .#


You could see an iguana (poisoned).

Vanquished Creatures
  A phantom (D:5)
  2 orc wizards (D:3)
  Robin (D:2)
  3 adders
  2 dart slugs
  2 orcs (D:3)
  4 bats
  4 endoplasms (D:1)
  A giant cockroach (D:2)
  9 goblins
  9 hobgoblins
  5 jackals
  4 quokkas
  3 ball pythons
  2 frilled lizards
  5 kobolds
  5 rats
62 creatures vanquished.

Notes
Turn   | Place    | Note
-------+----------+-------------------------------------------
     0 | D:1      | qw the Naga Hunter began the quest for the Orb.
     0 | D:1      | Reached XP level 1. HP: 19/19 MP: 1/1
     0 | D:1      | 0 ||| qw: Version: 0.3-a-7-ge0c9b40
     0 | D:1      | 0 ||| qw: Game counter: 828
     0 | D:1      | 0 ||| qw: Always use a shield: true
     0 | D:1      | 0 ||| qw: God list: Okawaru
     0 | D:1      | 0 ||| qw: Allow faded altars: false
     0 | D:1      | 0 ||| qw: Do Orc after D:15 true
     0 | D:1      | 0 ||| qw: Do second Lair branch before Depths: true
     0 | D:1      | 0 ||| qw: Lair rune preference: random
     0 | D:1      | 0 ||| qw: Plans: Normal
     0 | D:1      | 0 ||| PLANNING D:1-11
    12 | D:1      | 12 ||| INVOKING Spit Poison.
    17 | D:1      | 17 ||| INVOKING Spit Poison.
    40 | D:1      | 40 ||| INVOKING Spit Poison.
    51 | D:1      | 51 ||| INVOKING Spit Poison.
    73 | D:1      | 73 ||| INVOKING Spit Poison.
   107 | D:1      | 107 ||| INVOKING Spit Poison.
   161 | D:1      | 161 ||| INVOKING Spit Poison.
   164 | D:1      | Reached skill level 4 in Ranged Weapons
   164 | D:1      | Reached XP level 2. HP: 26/26 MP: 2/2
   167 | D:1      | 167 ||| INVOKING Spit Poison.
   191 | D:1      | 191 ||| INVOKING Spit Poison.
   199 | D:1      | 199 ||| INVOKING Spit Poison.
   225 | D:1      | 225 ||| INVOKING Spit Poison.
   239 | D:1      | 239 ||| INVOKING Spit Poison.
   264 | D:1      | 264 ||| INVOKING Spit Poison.
   300 | D:1      | 300 ||| INVOKING Spit Poison.
   341 | D:1      | Reached XP level 3. HP: 32/32 MP: 3/3
   484 | D:1      | 484 ||| INVOKING Spit Poison.
   489 | D:1      | 489 ||| INVOKING Spit Poison.
   532 | D:1      | 532 ||| READING scroll labelled VIAPNO NONI.
   535 | D:1      | 535 ||| READING 2 scrolls labelled HOMUEF PEMIB.
   536 | D:1      | 536 ||| READING scroll labelled NIYXIGODEN.
   537 | D:1      | 537 ||| DRINKING 2 sedimented emerald potions.
   538 | D:1      | 538 ||| DROPPING scroll of butterflies.
   539 | D:1      | 539 ||| DROPPING scroll of fear.
   616 | D:2      | 616 ||| INVOKING Spit Poison.
   620 | D:2      | 620 ||| INVOKING Spit Poison.
   961 | D:2      | 961 ||| INVOKING Spit Poison.
   972 | D:2      | 972 ||| INVOKING Spit Poison.
   975 | D:2      | 975 ||| INVOKING Spit Poison.
   976 | D:2      | Noticed Robin
   979 | D:2      | 979 ||| INVOKING Spit Poison.
   982 | D:2      | Killed Robin
   991 | D:2      | 991 ||| INVOKING Spit Poison.
  1102 | D:2      | 1102 ||| INVOKING Spit Poison.
  1281 | D:2      | 1281 ||| INVOKING Spit Poison.
  1314 | D:2      | 1314 ||| INVOKING Spit Poison.
  1465 | D:2      | 1465 ||| UPGRADING to +0 helmet.
  1470 | D:2      | 1470 ||| DROPPING ring of flight.
  1471 | D:2      | 1471 ||| READING 2 scrolls labelled XATESHR APHU.
  1472 | D:2      | 1472 ||| READING scroll labelled GOGAQU XEUWU.
  1473 | D:2      | 1473 ||| READING scroll labelled EHEADU GIUT QAH.
  1474 | D:2      | 1474 ||| DRINKING 3 dark potions.
  1491 | D:3      | 1491 ||| INVOKING Spit Poison.
  1495 | D:3      | 1495 ||| STAIRDANCE
  1497 | D:2      | 1497 ||| INVOKING Spit Poison.
  1498 | D:2      | Reached skill level 5 in Ranged Weapons
  1498 | D:2      | Reached XP level 4. HP: 28/39 MP: 4/4
  1586 | D:3      | 1586 ||| INVOKING Spit Poison.
  1591 | D:3      | 1591 ||| INVOKING Spit Poison.
  1613 | D:3      | 1613 ||| INVOKING Spit Poison.
  1642 | D:3      | 1642 ||| INVOKING Spit Poison.
  1647 | D:3      | 1647 ||| INVOKING Spit Poison.
  1651 | D:3      | 1651 ||| INVOKING Spit Poison.
  1655 | D:3      | Reached skill level 3 in Fighting
  1656 | D:3      | 1656 ||| INVOKING Spit Poison.
  1662 | D:3      | 1662 ||| INVOKING Spit Poison.
  1665 | D:3      | Reached XP level 5. HP: 34/49 MP: 5/5
  1733 | D:3      | 1733 ||| INVOKING Spit Poison.
  1758 | D:3      | 1758 ||| INVOKING Spit Poison.
  1782 | D:3      | 1782 ||| INVOKING Spit Poison.
  1798 | D:3      | 1798 ||| INVOKING Spit Poison.
  1849 | D:3      | 1849 ||| INVOKING Spit Poison.
  1864 | D:3      | 1864 ||| INVOKING Spit Poison.
  1868 | D:3      | 1868 ||| INVOKING Spit Poison.
  1936 | D:3      | 1936 ||| INVOKING Spit Poison.
  1966 | D:3      | Found an ornate altar of the Wu Jian Council.
  1970 | D:3      | You fall into a shaft and drop 2 floors!
  1970 | D:5      | Entered Level 5 of the Dungeon
  1979 | D:5      | Noticed a phantom
  1995 | D:5      | Killed a phantom
  2075 | D:5      | Noticed an ice beast
  2077 | D:5      | 2077 ||| INVOKING Spit Poison.
  2082 | D:5      | Reached skill level 6 in Ranged Weapons
  2082 | D:5      | Reached XP level 6. HP: 49/56 MP: 6/6
  2090 | D:5      | HP: 13/56 [ice beast (7)]
  2091 | D:5      | 2091 ||| READING scroll of teleportation.
  2092 | D:5      | HP: 3/56 [ice beast (9)]
  2095 | D:5      | 2095 ||| INVOKING Spit Poison.
  2096 | D:5      | Slain by an iguana

Levels and vault maps discovered:
D:1:      saegor_arrival_simple_b, layout_loops_ring, minmay_close_crescents
D:2:      layout_basic, minmay_splitting_lines, minivault_26,
          chequers_serial_rivers_marsh, uniq_robin
D:3:      layout_loops_ring, pdpol_wu_jian_five_deadly_venoms,
          amcnicky_mini_pool_small
D:5:      layout_basic, zin_angel, makhleb_blood_cavern_becter,
          kennysheep_little_box

Skill      XL: |  1  2  3  4  5 |
---------------+----------------+-----
Ranged Weapons | 4 5 6 |  6.0
Fighting       | 3 |  3.2
Dodging        | |  1.5
Stealth        | |  1.5

Action                     |  1- 3 |  4- 6 || total
---------------------------+-------+-------++-------
   Fire: Shortbow          |    63 |    69 ||   132
Ability: Spit Poison       |    28 |    18 ||    46
    Use: Scroll            |     6 |     1 ||     7
         Potion            |     2 |       ||     2
 Armour: Leather armour    |     9 |    17 ||    26
  Dodge: Dodged            |    11 |    29 ||    40

Table legend:
 A = Non-vault XP
 B = Vault XP
 C = Vault XP percentage of total XP
 D = Non-vault monster count
 E = Vault monster count
 F = Vault count percentage of total count
                 A         B        C        D         E       F
            +---------+---------+-------+---------+---------+-------
      Total |     289 |      40 |  12.2 |      49 |      13 |  21.0
            +---------+---------+-------+---------+---------+-------
        D:1 |      32 |       8 |  20.0 |      20 |       3 |  13.0
        D:2 |      23 |      32 |  58.2 |       8 |      10 |  55.6
        D:3 |     118 |       0 |   0.0 |      19 |       0 |   0.0
        D:5 |     116 |       0 |   0.0 |       2 |       0 |   0.0
            +---------+---------+-------+---------+---------+-------
